General information
- name: BNet
- type: Ladder team game (AT/RT)
- host: Battle.net
- saver: TALONSAREIMBA
map: Mur'gulOasis
- players: 8
- length: 19:00
- speed: Fast
- version: 1.24 W3XP
- replay type: Public
» download(148 KB)
Players
team 1 (winner)
Nathynha (
teal | 49 APM | 927 actions | 18:59)
7 Keeper of the Grove
3 Entangling Roots
3 Thorns Aura
1 Tranquility
1 Priestess of the Moon
1 Trueshot Aura
» actions
| Assign group hotkey | 2 | |
| Basic commands | 1 | |
| Build / train | 61 | |
| Enter build submenu | 17 | |
| Enter hero's abilities submenu | 8 | |
| Right click | 503 | |
| Select / deselect | 271 | |
| Select group hotkey | 2 | |
| Use ability | 62 | |
927 total
» units
| Wisp | 19 | |
| Archer | 7 | |
| Dryad | 7 | |
| Druid of the Claw | 6 | |
39 total
» upgrades
| Druid of the Claw Training | 2 | |
| Abolish Magic | 1 | |
| Strength of the Wild | 3 | |
| Reinforced Hides | 3 | |
| Mark of the Claw | 1 | |
10 total
» buildings
| Altar of Elders | 1 | |
| Moon Well | 7 | |
| Ancient of War | 1 | |
| Hunter's Hall | 1 | |
| Tree of Ages | 1 | |
| Ancient Protector | 1 | |
| Tree of Eternity | 1 | |
| Ancient of Lore | 2 | |
| Tree of Life | 1 | |
16 total
» build order
00:16 Altar of Elders
00:20 Moon Well
01:25 Ancient of War
01:40 Moon Well
02:24 Hunter's Hall
03:07 Tree of Ages
03:33 Ancient Protector
04:41 Moon Well
05:29 Tree of Eternity
05:35 Ancient of Lore
05:40 Ancient of Lore
05:44 Moon Well
10:43 Moon Well
12:09 Tree of Life
18:01 Moon Well
18:05 Moon Well
RichardWagner (
yellow | 26 APM | 496 actions | 18:59)
3 Death Knight
2 Death Coil
1 Unholy Aura
» actions
| Build / train | 49 | |
| Enter build submenu | 11 | |
| Enter hero's abilities submenu | 3 | |
| Remove unit from queue | 3 | |
| Right click | 242 | |
| Select / deselect | 169 | |
| Use ability | 19 | |
496 total
» units
| Acolyte | 14 | |
| Ghoul | 13 | |
| Crypt Fiend | 8 | |
35 total
» upgrades
| Creature Attack | 1 | |
| Creature Carapace | 1 | |
2 total
» buildings
| Crypt | 1 | |
| Altar of Darkness | 1 | |
| Ziggurat | 4 | |
| Graveyard | 2 | |
| Nerubian Tower | 3 | |
| Halls of the Dead | 2 | |
| Necropolis | 1 | |
14 total
» build order
00:11 Crypt
00:23 Altar of Darkness
00:41 Ziggurat
01:05 Graveyard
01:38 Ziggurat
02:50 Ziggurat
05:10 Ziggurat
05:39 Nerubian Tower
05:46 Nerubian Tower
06:40 Halls of the Dead
06:59 Nerubian Tower
11:10 Halls of the Dead
13:50 Necropolis
17:23 Graveyard
18:59 Halls of the Dead

»
TALONSAREIMBA (
purple | 123 APM | 2343 actions | 19:00)
7 Paladin
3 Holy Light
3 Devotion Aura
1 Resurrection
» actions
| Assign group hotkey | 16 | |
| Basic commands | 153 | |
| Build / train | 51 | |
| ESC pressed | 1 | |
| Enter build submenu | 20 | |
| Enter hero's abilities submenu | 7 | |
| Right click | 1062 | |
| Select / deselect | 586 | |
| Select group hotkey | 403 | |
| Use ability | 44 | |
2343 total
» units
» upgrades
| Gunpowder | 3 | |
| Long Rifles | 1 | |
| Armor | 3 | |
| Priest Training | 2 | |
9 total
» buildings
| Altar of Kings | 1 | |
| Farm | 7 | |
| Blacksmith | 1 | |
| Barracks | 2 | |
| Lumber Mill | 2 | |
| Scout Tower | 1 | |
| Arcane Vault | 1 | |
| Arcane Tower | 1 | |
| Keep | 1 | |
| Arcane Sanctum | 1 | |
| Castle | 1 | |
19 total
» build order
00:06 Altar of Kings
00:10 Farm
00:28 Blacksmith
01:35 Barracks
01:47 Farm
02:00 Lumber Mill
02:12 Lumber Mill
02:20 Scout Tower
02:37 Arcane Vault
02:57 Arcane Tower
03:15 Farm
04:11 Barracks
04:39 Farm
04:43 Keep
05:56 Farm
10:09 Arcane Sanctum
10:51 Farm
11:27 Castle
12:09 Farm
» items
| Lesser Clarity Potion | 2 | |
| Scroll of Town Portal | 2 | |
4 total
WhileYouBleed (
pink | 191 APM | 3628 actions | 18:59)
6 Shadow Hunter
2 Hex
3 Healing Wave
1 Big Bad Voodoo
5 Tauren Chieftain
3 Shockwave
2 Endurance Aura
» actions
| Assign group hotkey | 35 | |
| Basic commands | 256 | |
| Build / train | 91 | |
| ESC pressed | 6 | |
| Enter build submenu | 19 | |
| Enter hero's abilities submenu | 11 | |
| Remove unit from queue | 1 | |
| Right click | 1018 | |
| Select / deselect | 413 | |
| Select group hotkey | 1720 | |
| Use ability | 58 | |
3628 total
» units
| Peon | 8 | |
| Troll Headhunter/Berserker | 29 | |
| Troll Witch Doctor | 7 | |
| Shaman | 6 | |
| Troll Batrider | 2 | |
| Kodo Beast | 2 | |
54 total
» upgrades
| Ranged Weapons | 2 | |
| Armor | 1 | |
| Troll Regeneration | 1 | |
| Witch Doctor Training | 2 | |
| Shaman Training | 3 | |
| Berserker Upgrade | 1 | |
10 total
» buildings
| Altar of Storms | 1 | |
| Orc Burrow | 7 | |
| War Mill | 1 | |
| Barracks | 1 | |
| Voodoo Lounge | 1 | |
| Stronghold | 4 | |
| Spirit Lodge | 2 | |
| Fortress | 1 | |
| Beastiary | 1 | |
19 total
» build order
00:13 Altar of Storms
00:17 Orc Burrow
01:05 War Mill
01:22 Barracks
01:43 Orc Burrow
02:12 Voodoo Lounge
03:03 Orc Burrow
03:42 Stronghold
03:43 Stronghold
03:43 Stronghold
04:26 Orc Burrow
09:08 Spirit Lodge
09:11 Spirit Lodge
09:13 Fortress
09:19 Beastiary
09:23 Orc Burrow
17:23 Orc Burrow
18:05 Orc Burrow
» items
| Healing Salve | 2 | |
| Scroll of Town Portal | 3 | |
5 total
team 2 (loser)
lateralus87 (
blue | 35 APM | 607 actions | 17:12)
3 Death Knight
1 Death Coil
2 Unholy Aura
» actions
| Assign group hotkey | 20 | |
| Basic commands | 2 | |
| Build / train | 44 | |
| Enter build submenu | 16 | |
| Enter hero's abilities submenu | 3 | |
| Remove unit from queue | 1 | |
| Right click | 266 | |
| Select / deselect | 182 | |
| Select group hotkey | 26 | |
| Use ability | 47 | |
607 total
» units
| Acolyte | 3 | |
| Ghoul | 3 | |
| Crypt Fiend | 11 | |
| Obsidian Statue | 5 | |
| Necromancer | 6 | |
28 total
» upgrades
| Web | 1 | |
| Skeletal Longevity | 1 | |
| Creature Attack | 1 | |
| Necromancer Training | 1 | |
4 total
» buildings
| Altar of Darkness | 1 | |
| Graveyard | 1 | |
| Ziggurat | 5 | |
| Crypt | 2 | |
| Nerubian Tower | 1 | |
| Tomb of Relics | 1 | |
| Halls of the Dead | 1 | |
| Spirit Tower | 2 | |
| Temple of the Damned | 1 | |
| Slaughterhouse | 1 | |
16 total
» build order
00:15 Altar of Darkness
00:23 Graveyard
00:39 Ziggurat
01:16 Crypt
01:23 Ziggurat
01:34 Nerubian Tower
01:51 Tomb of Relics
02:55 Ziggurat
05:15 Halls of the Dead
07:18 Spirit Tower
07:24 Ziggurat
08:00 Temple of the Damned
08:49 Slaughterhouse
08:56 Crypt
14:04 Spirit Tower
14:14 Ziggurat
» items
| Rod of Necromancy | 2 | |
| Potion of Healing | 1 | |
3 total

»
DontRushImSanta (
green | 36 APM | 619 actions | 17:15)
5 Keeper of the Grove
3 Entangling Roots
2 Thorns Aura
» actions
| Assign group hotkey | 14 | |
| Basic commands | 9 | |
| Build / train | 44 | |
| Enter build submenu | 15 | |
| Enter hero's abilities submenu | 5 | |
| Remove unit from queue | 4 | |
| Right click | 189 | |
| Select / deselect | 186 | |
| Select group hotkey | 113 | |
| Use ability | 40 | |
619 total
» units
| Wisp | 11 | |
| Archer | 8 | |
| Huntress | 2 | |
| Chimaera | 4 | |
25 total
» upgrades
| Strength of the Wild | 3 | |
| Upgrade Moon Glaive | 1 | |
4 total
» buildings
| Altar of Elders | 1 | |
| Moon Well | 6 | |
| Ancient of War | 2 | |
| Tree of Ages | 2 | |
| Hunter's Hall | 1 | |
| Tree of Eternity | 1 | |
| Ancient of Wind | 1 | |
| Chimaera Roost | 2 | |
| Ancient of Wonders | 1 | |
| Ancient of Lore | 1 | |
18 total
» build order
00:11 Altar of Elders
00:13 Moon Well
01:01 Ancient of War
01:29 Moon Well
01:55 Ancient of War
02:41 Moon Well
04:36 Tree of Ages
05:12 Hunter's Hall
07:20 Tree of Eternity
08:08 Ancient of Wind
08:41 Moon Well
09:42 Chimaera Roost
09:47 Chimaera Roost
11:00 Moon Well
13:43 Ancient of Wonders
14:35 Moon Well
17:13 Ancient of Lore
» items
| Scroll of Town Portal | 1 | |
| Potion of Healing | 1 | |
2 total
Murdog (
red | 50 APM | 952 actions | 18:58)
5 Paladin
3 Divine Shield
2 Holy Light
4 Firelord
2 Summon Lava Spawn
2 Incinerate
» actions
| Assign group hotkey | 21 | |
| Basic commands | 2 | |
| Build / train | 65 | |
| ESC pressed | 3 | |
| Enter build submenu | 19 | |
| Enter hero's abilities submenu | 9 | |
| Give item / drop item | 1 | |
| Remove unit from queue | 3 | |
| Right click | 353 | |
| Select / deselect | 300 | |
| Select group hotkey | 105 | |
| Use ability | 71 | |
952 total
» units
| Peasant | 10 | |
| Footman | 12 | |
| Gryphon Rider | 9 | |
31 total
» upgrades
| Defend | 1 | |
| Lumber Harvesting | 1 | |
| Swords | 2 | |
| Armor | 2 | |
| Animal War Training | 1 | |
| Storm Hammers | 1 | |
8 total
» buildings
| Altar of Kings | 1 | |
| Farm | 11 | |
| Barracks | 1 | |
| Lumber Mill | 1 | |
| Keep | 3 | |
| Blacksmith | 1 | |
| Castle | 1 | |
| Gryphon Aviary | 2 | |
| Arcane Vault | 1 | |
22 total
» build order
00:15 Altar of Kings
00:23 Farm
00:54 Barracks
01:06 Farm
01:27 Lumber Mill
01:43 Farm
02:43 Keep
02:44 Keep
02:44 Keep
03:16 Farm
04:13 Farm
04:23 Blacksmith
04:52 Farm
05:24 Castle
06:50 Gryphon Aviary
06:53 Gryphon Aviary
08:39 Farm
09:19 Arcane Vault
10:10 Farm
11:17 Farm
14:01 Farm
14:41 Farm
» items
| Lesser Clarity Potion | 2 | |
| Scroll of Regeneration | 2 | |
| Orb of Fire | 1 | |
5 total
HumanSnipe (
orange | 30 APM | 522 actions | 17:30)
4 Archmage
2 Summon Water Elemental
1 Blizzard
1 Brilliance Aura
» actions
| Assign group hotkey | 6 | |
| Basic commands | 1 | |
| Build / train | 52 | |
| Enter build submenu | 21 | |
| Enter hero's abilities submenu | 5 | |
| Right click | 179 | |
| Select / deselect | 215 | |
| Select group hotkey | 7 | |
| Use ability | 36 | |
522 total
» units
| Peasant | 12 | |
| Rifleman | 22 | |
| Priest | 3 | |
37 total
» upgrades
| Gunpowder | 2 | |
| Armor | 1 | |
| Long Rifles | 1 | |
| Priest Training | 1 | |
5 total
» buildings
| Altar of Kings | 1 | |
| Farm | 11 | |
| Barracks | 2 | |
| Blacksmith | 1 | |
| Lumber Mill | 1 | |
| Keep | 1 | |
| Arcane Sanctum | 2 | |
| Arcane Vault | 1 | |
| Castle | 1 | |
| Black Citadel | 1 | |
22 total
» build order
00:23 Altar of Kings
00:37 Farm
01:15 Barracks
01:24 Farm
01:31 Farm
01:59 Blacksmith
02:05 Farm
02:22 Lumber Mill
02:53 Farm
03:46 Farm
04:03 Farm
04:56 Farm
05:20 Keep
06:52 Barracks
06:55 Farm
08:24 Arcane Sanctum
08:27 Arcane Sanctum
09:18 Arcane Vault
09:59 Farm
10:52 Farm
17:11 Castle
17:22 Black Citadel
» items
Chat log
(00:10 / Allies) WhileYouBleed: anyone else wanna get melee?
(00:22 / Allies) Nathynha: I can
(00:26 / Allies) WhileYouBleed: k
(00:27 / Allies) Nathynha: bears and dryads
(00:28 / Allies) WhileYouBleed: hh casters kodo
(00:31 / All) HumanSnipe: SHANTA CWAUS
(00:48 / All) DontRushImSanta: ]
(00:49 / All) DontRushImSanta: YO
(00:54 / Allies) RichardWagner: fiends stats wagonsa
(01:04 / Allies) Nathynha: no air?
(01:28 / Allies) WhileYouBleed: hopefully they dont get siege lol
(01:48 / Allies) Nathynha: I can change my bears to chims
(01:54 / Allies) WhileYouBleed: we need the melee
(01:59 / Allies) WhileYouBleed: we dont neeed air
(02:04 / Allies) WhileYouBleed: itl make any aa they have useless anyawy
(02:13 / Allies) Nathynha: I ll make some bears
(05:40 / Allies) WhileYouBleed: backup
(05:41 / Allies) WhileYouBleed: fight in base
(05:50 / Allies) TALONSAREIMBA: 3?
(05:54 / Allies) WhileYouBleed: 4
(05:54 / Allies) WhileYouBleed: 4
(05:55 / Allies) Nathynha: all
(06:03 / Allies) WhileYouBleed: tp
(09:06 / Allies) RichardWagner: well fuck
(10:08 / Allies) WhileYouBleed: sigh
(11:51 / Allies) WhileYouBleed: all..
(12:07 / Allies) WhileYouBleed: repair
(12:52 / All) WhileYouBleed: gg
(14:05 / Allies) Nathynha: counter plz
(14:07 / Allies) TALONSAREIMBA: tp
(14:08 / Allies) WhileYouBleed: we have to
(14:43 / Allies) WhileYouBleed: il have lust and ward soon not many casters toh
(15:12 / Allies) TALONSAREIMBA: ?
(15:41 / Allies) WhileYouBleed: dont get caught in base
(17:10 / Allies) WhileYouBleed: sweet job guys
(17:38 / All) WhileYouBleed: gg lol